 Dungeon Crawl Stone Soup version 0.19-a0-1107-gc676ff4 (webtiles) character file.

290799 mistymad the Earth Mage (level 20, -3/262 HPs)
             Began as a Troll Earth Elementalist on Aug 9, 2016.
             Was a High Priest of Jiyva.
             Slain by a deep troll shaman (13 damage)
             ... led by an ironheart preserver
             ... on level 1 of the Vaults on Aug 10, 2016.
             The game lasted 02:42:55 (41272 turns).

mistymad the Earth Mage (Troll Earth Elementalist) Turns: 41272, Time: 02:42:56

Health: -3/262     AC: 36    Str: 22    XL:     20   Next: 29%
Magic:  30/30      EV: 11    Int: 18    God:    Jiyva [*****.]
Gold:   1225       SH: 13    Dex: 10    Spells: 5 memorised, 17 levels left

rFire  . . .     SeeInvis .       - Unarmed
rCold  . . .     Gourm    +     (armour currently unavailable)
rNeg   + . .     Faith    .     m - +2 shield {AC+3}
rPois  ∞         Spirit   .     C - +2 hat
rElec  +         Dismiss  +     V - +0 cloak
rCorr  +         Reflect  .     (gloves unavailable)
SustAt .         Harm     .     (boots unavailable)
MR     ++...                    p - amulet of dismissal
Stlth  +.........               G - +4 ring of protection
                                x - ring of Deij {+Fly MR+ Str+4}

@: statue-form, repel missiles, very slow
A: unfitting armour, claws 3, (yellow scales 0), blurry vision 1, deformed body,
fast metabolism 3, gourmand, poison resistance, regeneration 2, screaming 2,
(shaggy fur 0), (tough skin 0), weak 1, eyeballs 1, tendrils
a: End Transformation, Request Jelly, Jelly Paralyse, Slimify, Cure Bad
Mutation, Renounce Religion, Evoke Flight
}: 1/15 runes: barnacled


You were on level 1 of the Vaults.
You worshipped Jiyva.
Jiyva was extremely pleased with you.
You were completely stuffed.
You were a stone statue.
You visited 8 branches of the dungeon, and saw 36 of its levels.
You also visited: Labyrinth and Volcano.

You collected 3034 gold pieces.
You spent 1809 gold pieces at shops.

Inventory:

Missiles
 u - 45 large rocks (quivered)
Armour
 m - a +2 shield of protection (worn)
 y - a +2 robe of resistance (melded)
 A - a +0 shield of cold resistance
 C - a +2 hat (worn)
 V - a +0 cloak (worn)
Magical Staves
 F - an uncursed staff of wizardry
Jewellery
 i - the ring of Moderation {+Fly rElec rF- Int+5 SInv}
   (You took it off a boggart on level 15 of the Dungeon)

   [ring of flight]

   It affects your intelligence (+5).
   It makes you vulnerable to fire.
   It insulates you from electricity.
   It lets you see invisible.
   It lets you fly.
 p - an amulet of dismissal (around neck)
 r - the ring "Cepsa" {+Fly Int+5}
   (You found it on level 15 of the Dungeon)

   [ring of flight]

   It affects your intelligence (+5).
   It lets you fly.
 x - the ring of Deij (left claw) {+Fly MR+ Str+4}
   (You found it on level 1 of the Snake Pit)

   [ring of flight]

   It affects your strength (+4).
   It affects your resistance to hostile enchantments.
   It lets you fly.
 G - a +4 ring of protection (right claw)
 H - an uncursed ring of ice
 W - an uncursed ring of protection from fire
 X - the ring "Doalaen" {SustAt rF+ rC+ MR- Str+9 Int-4}
   (You found it on level 15 of the Dungeon)

   [ring of sustain attributes]

   It sustains your strength, intelligence and dexterity.
   It affects your strength (+9).
   It affects your intelligence (-4).
   It protects you from fire.
   It protects you from cold.
   It affects your resistance to hostile enchantments.
Wands
 f - a wand of teleportation (0/9)
 K - a wand of digging (20/24)
Scrolls
 a - 13 scrolls of remove curse
 b - 4 scrolls of enchant armour
 h - 4 scrolls of amnesia
 o - 6 scrolls of teleportation
 q - 5 scrolls of recharging
 t - a scroll of summoning
 z - 2 scrolls of magic mapping
 I - 5 scrolls of blinking
 L - 2 scrolls of identify
 Z - 2 scrolls of fear
Potions
 e - a potion of beneficial mutation
 g - 4 potions of agility
 j - 3 potions of magic
 k - 8 potions of brilliance
 n - 9 potions of curing
 s - 7 potions of flight
 v - 4 potions of invisibility
 w - 4 potions of ambrosia
 B - 5 potions of heal wounds
 D - 6 potions of berserk rage
 M - a potion of haste
 Q - 3 potions of might
 S - a potion of cancellation
 T - a potion of resistance
Miscellaneous
 P - a lamp of fire
Comestibles
 c - 8 slices of pizza
 d - 19 bread rations
 l - 8 beef jerkies
 J - 3 royal jellies
 U - 12 fruits


   Skills:
 + Level 13.1 Fighting
 + Level 4.6 Dodging
 - Level 1.1 Stealth
 + Level 9.9 Shields
 + Level 15.2 Unarmed Combat
 + Level 7.4 Spellcasting
 + Level 11.8 Transmutations
 + Level 15.4 Earth Magic
 + Level 1.5 Evocations


You had 17 spell levels left.
You knew the following spells:

 Your Spells              Type           Power        Failure   Level  Hunger
a - Passwall              Tmut/Erth      ######....   1%          2    None
b - Apportation           Tloc           #.........   12%         1    None
c - Repel Missiles        Chrm/Air       #.....       17%         2    None
d - Lee's Rapid Deconstr  Erth           ######....   1%          5    #####..
e - Statue Form           Tmut/Erth      ######...    8%          6    ######.


Dungeon Overview and Level Annotations

Branches:
Dungeon (15/15)            Temple (1/1) D:6            Lair (6/6) D:8
 Shoals (4/4) Lair:2        Snake (2/4) Lair:2        Slime (5/5) Lair:5
    Orc (2/2) D:12            Elf (0/3) Orc:2        Vaults (1/5) D:13
 Depths (0/5) D:15

Altars:
Ashenzari
Cheibriados
Dithmenos
Elyvilon
Fedhas
Gozag
Hepliaklqana
Kikubaaqudgha
Makhleb
Nemelex Xobeh
Okawaru
Pakellas
Qazlal
Ru
Sif Muna
Trog
Uskayaw
Vehumet
Xom
Yredelemnul
Zin
The Shining One
Beogh
Jiyva

Shops:
D:15 ***   Orc:1 !!(=   Orc:2 :?}!   Shoals:2 *   Shoals:3 *   Vaults:1 *

Annotations:
D:14 3 runed doors, exclusion: orange crystal statue
Snake:2 Nikola
Slime:5 Royal Jelly


Innate Abilities, Weirdness & Mutations

You are too large for most types of armour.
You have claws for hands.
Your metabolism is lightning-fast.
You like to eat raw meat.
You heal very quickly.
((You are covered in fur. (AC +1)))
((You have very tough skin. (AC +2)))
((You are partially covered in yellow scales. (AC +2)))
Scrolls take you a little longer to read.
Armour fits poorly on your strangely shaped body.
Your system is resistant to poisons. (rPois)
You sometimes yell uncontrollably at your foes.
You are weak. (Str -2)
Your body has grown golden eyes which may confuse attackers. (Acc +3)
You are covered in slimy tendrils that may disarm your opponents.


Message History

Jiyva appreciates your sacrifice.
You feel better.
The jelly splits in two!
The jelly misses the deep troll.
You take 3 damage, and have 4/262 hp.
You feel much better. The deep troll misses you.
The deep troll barely misses you. You block the deep troll's attack.
You block the deep troll shaman's attack.
The deep troll shaman barely misses you.
The deep troll shaman claws you but does no damage.
The jelly hits the deep troll.
The deep troll is splashed with acid.
The acid corrodes the deep troll!
The deep troll bites you!!
* * * LOW HITPOINT WARNING * * *
The deep troll claws you but does no damage.
The deep troll closely misses you.
The jelly hits the deep troll.
The deep troll is splashed with acid.
You block the deep troll shaman's attack.
The deep troll shaman claws you but does no damage.
The deep troll shaman claws you!
You die...

#.....#.....#......
#.(.........#......
#.....#.....#......
#.....#.....#......
#.....###########'#
#.....## #....
#......# #....
#.....# #..(.
#.8T..# #..(.
#..T..# #....
#.JJ..# #....
#.....# #.([.
#.....# #....
#.....# #....
......# #....
......# #####
........


You could see a deep troll, a deep troll shaman and 2 neutral jellies (fellow
slime).

Vanquished Creatures
  5 acid blobs
  Gastronok (D:8)
  Polyphemus (Shoals:2)
  A kraken (Shoals:3)
  Donald (Vaults:1)
  Ilsuiw (Shoals:4)
  6 azure jellies
  2 fire giants (D:15)
  An orc warlord (Orc:1)
  3 vault wardens (Vaults:1)
  2 ironheart preservers (Vaults:1)
  Azrael (D:15)
  A minotaur (Lab)
  5 merfolk javelineers (Shoals:4)
  3 fire dragons
  12 merfolk impalers
  Snorg (Lair:6)
  3 yaktaur captains
  A death ooze (Slime:5)
  6 great orbs of eyes
  3 ogre magi
  Fannar (Lair:6)
  7 hydras
  Harold (D:10)
  A rakshasa (Vaults:1)
  2 death knights
  A naga warrior (Snake:1)
  5 anacondas (Snake:1)
  2 merfolk avatars
  3 catoblepae
  The ghost of B1inky the Nimble, a journeyman OpMo of Gozag (Lair:1)
  5 vault guards
  7 death yaks
  6 centaur warriors
  6 merfolk aquamancers (Shoals:4)
  2 deep troll shamans (D:15)
  5 tengu warriors
  2 alligator snapping turtles
  The ghost of ximxim the Frost Mage, a novice NaIE of Cheibriados (D:10)
  A deep troll earth mage (Vaults:1)
  A satyr (Shoals:4)
  2 shock serpents (Snake:1)
  3 naga sharpshooters
  4 orc high priests
  Urug (D:11)
  Sonja (D:11)
  A fire crab (D:15)
  5 deep trolls (Vaults:1)
  6 unseen horrors
  13 sea snakes
  3 wizards
  8 hill giants
  11 orc knights
  A naga ritualist (Snake:1)
  2 ironbrand convokers (Vaults:1)
  An anubis guard (shapeshifter) (D:15)
  32 harpies
  A necromancer (D:15)
  A deep elf mage (D:15)
  13 griffons
  5 shining eyes
  6 ugly things
  2 oklob plants
  6 orc sorcerers
  A wolf spider (Vaults:1)
  14 manticores
  4 mana vipers
  A salamander (Snake:1)
  10 cyclopes
  10 elephants
  8 fauns
  4 sirens
  A black mamba (shapeshifter) (D:15)
  Maurice (D:10)
  5 black mambas
  2 guardian serpents (D:15)
  4 naga magi
  8 water nymphs
  3 gargoyles
  7 spiny frogs
  8 kobold demonologists
  8 komodo dragons
  An efreet (D:14)
  4 freezing wraiths
  14 yaktaurs (Vaults:1)
  A redback zombie (D:15)
  30 merfolk
  4 wind drakes
  12 trolls
  A troll (shapeshifter) (Vaults:1)
  4 polar bears (Lair:6)
  8 two-headed ogres
  Prince Ribbit (Lair:1)
  44 slime creatures
  A boulder beetle (D:15)
  A human simulacrum (Vaults:1)
  11 blink frogs
  7 snapping turtles
  A hornet zombie (D:15)
  4 fire elementals (D:15)
  4 wraiths
  5 wyverns
  7 water elementals
  A vampire (D:12)
  Grum (D:11)
  A human (D:7)
  32 yaks
  12 spriggans (Lair:6)
  3 fire bats (Volcano)
  13 hippogriffs
  A golden eye (Slime:4)
  3 basilisks
  6 hungry ghosts
  A yaktaur simulacrum (Vaults:1)
  7 wargs
  13 vampire mosquitoes
  3 mottled dragons
  6 nagas
  A hell hound (D:15)
  18 porcupines
  9 water moccasins
  42 orc warriors
  2 giant eyeballs (D:15)
  3 ice beasts
  4 sky beasts
  A swamp drake (D:12)
  4 black bears
  2 necrophages
  6 wasps
  An ettin simulacrum (Vaults:1)
  4 phantoms
  10 centaurs
  20 ogres
  21 wolves
  10 boggarts
  4 eyes of draining
  6 crocodiles
  An elf simulacrum (Vaults:1)
  18 giant frogs
  8 big kobolds
  2 wyvern zombies
  3 scorpions
  5 killer bees
  5 wights (D:13)
  9 howler monkeys
  3 crimson imps
  10 centaur zombies
  4 lava snakes (Volcano)
  A hound (D:7)
  20 orc priests
  7 centaur skeletons
  26 jellies
  3 quasits
  2 giant frog skeletons
  32 orc wizards
  4 iguanas
  9 worker ants
  22 sheep
  A killer bee zombie (D:6)
  2 hound skeletons
  2 worker ant zombies
  A howler monkey zombie (D:7)
  16 gnolls
  A howler monkey skeleton (D:6)
  14 adders
  61 river rats
  7 shadow imps
  17 oozes
  An adder zombie (D:9)
  An adder skeleton (D:6)
  3 worms
  2 dart slugs
  3 giant geckos
  92 orcs
  2 bats
  7 giant cockroaches
  36 goblins
  31 hobgoblins
  18 jackals
  3 quokkas
  2 ball pythons
  4 giant newts
  24 kobolds
  A quokka skeleton (D:5)
  A rat (D:3)
  7 plants (Lair:3)
  4 tentacles (Shoals:3)
1341 creatures vanquished.

Vanquished Creatures (others)
  4 acid blobs (Slime:5)
  2 azure jellies (Slime:5)
  2 shining eyes (Slime:5)
  A cyclops (Vaults:1)
  A wolf spider (Vaults:1)
  An ugly thing (Vaults:1)
  A vault sentinel (Vaults:1)
  19 slime creatures
  An eye of draining (Slime:5)
  An ogre (Vaults:1)
  44 jellies
  A sheep (Lair:6)
  5 orcs
  4 bushes
  16 fungi
  6 plants
  6 tentacles (Shoals:3)
  5 toadstools (D:1)
120 creatures vanquished.

Grand Total: 1461 creatures vanquished

Notes
Turn   | Place    | Note
-------+----------+-------------------------------------------
     0 | D:1      | mistymad the Troll Earth Elementalist began the quest for the Orb.
     0 | D:1      | Reached XP level 1. HP: 16/16 MP: 1/1
    53 | D:1      | Reached skill level 1 in Unarmed Combat
    83 | D:1      | Reached XP level 2. HP: 26/26 MP: 2/2
   132 | D:1      | Reached skill level 1 in Fighting
   708 | D:2      | You fall through a shaft!
   743 | D:3      | Found a faded altar of an unknown god.
   762 | D:3      | Found an ancient bone altar of Kikubaaqudgha.
   855 | D:2      | Reached XP level 3. HP: 32/33 MP: 3/3
   950 | D:2      | Found an iron altar of Okawaru.
  1136 | D:2      | Found a basalt altar of Yredelemnul.
  1142 | D:2      | Reached XP level 4. HP: 39/42 MP: 4/4
  1187 | D:2      | murphy: nice
  1224 | D:2      | mistymad: mb
  1529 | D:3      | Reached XP level 5. HP: 50/50 MP: 5/5
  2324 | D:4      | Reached XP level 6. HP: 61/61 MP: 6/6
  2439 | D:4      | Found a shimmering altar of Xom.
  2545 | D:4      | Found a burning altar of Makhleb.
  2598 | D:4      | Found an opulent altar of Gozag.
  3182 | D:4      | Reached XP level 7. HP: 70/70 MP: 7/7
  3199 | D:4      | Reached skill level 5 in Unarmed Combat
  3377 | D:5      | Entered Level 5 of the Dungeon
  3416 | D:5      | Found a sacrificial altar of Ru.
  3582 | D:5      | Found a glowing silver altar of Zin.
  4021 | D:5      | Found an oddly glowing altar of Pakellas.
  4108 | D:5      | Found a shattered altar of Ashenzari.
  4271 | D:6      | Got an ancient whip
  4330 | D:6      | Found a hide-covered altar of Uskayaw.
  4337 | D:6      | Found a staircase to the Ecumenical Temple.
  4348 | Temple   | Entered the Ecumenical Temple
  4512 | D:6      | Found a stormy altar of Qazlal.
  4524 | D:6      | Identified the +5 whip "Ukkepaul" {holy, rC+ Int-4 Dex+4} (You found it on level 6 of the Dungeon)
  4562 | D:6      | Found a bloodstained altar of Trog.
  4664 | D:6      | Reached skill level 5 in Fighting
  4687 | D:6      | Got a shadowed robe
  4698 | D:6      | Identified the +2 robe of Baha {+Blink rC+ rN+} (You found it on level 6 of the Dungeon)
  4766 | D:6      | Reached XP level 8. HP: 26/81 MP: 8/8
  4942 | D:6      | Learned a level 2 spell: Passwall
  5208 | D:7      | Reached XP level 9. HP: 82/92 MP: 9/9
  5742 | D:8      | Noticed Gastronok
  6432 | D:8      | Found a roughly hewn altar of Beogh.
  6456 | D:8      | Reached skill level 10 in Unarmed Combat
  6571 | D:8      | Found a staircase to the Lair.
  6792 | D:9      | Reached XP level 10. HP: 103/104 MP: 10/10
  7308 | Lair:1   | Entered Level 1 of the Lair of Beasts
  7379 | Lair:1   | Noticed Prince Ribbit
  7598 | Lair:1   | Noticed B1inky's ghost (journeyman OpMo)
  7618 | Lair:1   | Killed B1inky's ghost
  7645 | Lair:1   | Noticed a spiny frog
  7859 | Lair:1   | Killed a spiny frog
  7996 | Lair:1   | Killed Prince Ribbit
  8019 | Lair:1   | Noticed an oklob plant
  8485 | Lair:1   | Reached skill level 5 in Earth Magic
  8499 | Lair:1   | Reached XP level 11. HP: 75/115 MP: 12/12
  9411 | Lair:2   | Found a staircase to the Snake Pit.
  9453 | Lair:2   | Found a staircase to the Shoals.
  9453 | Lair:2   | Noticed a griffon
  9473 | Lair:2   | Killed a griffon
  9473 | Lair:2   | Reached skill level 10 in Fighting
 10943 | Lair:3   | Noticed Fannar
 11274 | Lair:4   | Found a labyrinth entrance.
 11283 | Lab      | Entered a labyrinth
 11674 | Lab      | Noticed a minotaur
 11692 | Lab      | Killed a minotaur
 11692 | Lab      | Reached XP level 12. HP: 20/126 MP: 13/13
 11860 | Lab      | Identified Imashollay's Tome of Dislocation
 11923 | Lair:4   | Learned a level 1 spell: Apportation
 11926 | Lair:4   | Learned a level 2 spell: Repel Missiles
 12613 | Lair:5   | Found a dark tunnel.
 12632 | Volcano  | Entered a volcano
 12659 | Volcano  | Reached skill level 1 in Shields
 12893 | Volcano  | Found a radiant altar of Vehumet.
 12893 | Volcano  | Noticed an ogre mage
 12907 | Volcano  | Killed an ogre mage
 13316 | Lair:5   | Noticed a four-headed hydra
 13324 | Lair:5   | Found a staircase to the Slime Pits.
 13580 | Lair:6   | Entered Level 6 of the Lair of Beasts
 13580 | Lair:6   | Noticed a death yak
 13580 | Lair:6   | Noticed a death yak
 13582 | Lair:6   | Noticed a death yak
 13604 | Lair:5   | Killed a death yak
 13692 | Lair:5   | Killed a death yak
 13716 | Lair:5   | Killed a death yak
 13839 | Lair:6   | Noticed a four-headed hydra
 13947 | Lair:6   | Noticed a seven-headed hydra
 13966 | Lair:6   | Noticed Snorg
 14301 | D:10     | Entered Level 10 of the Dungeon
 14343 | D:10     | Noticed Harold
 14535 | D:10     | Killed Harold
 14721 | D:10     | Noticed ximxim's ghost (novice NaIE)
 14735 | D:10     | Killed ximxim's ghost
 15015 | D:10     | Noticed Maurice
 15077 | D:10     | Killed Maurice
 15273 | D:11     | Noticed a centaur warrior
 15279 | D:11     | Killed a centaur warrior
 15382 | D:11     | Noticed Grum
 15382 | D:11     | Noticed Urug
 15396 | D:11     | Killed Urug
 15396 | D:11     | Reached XP level 13. HP: 83/135 MP: 14/14
 15401 | D:11     | Killed Grum
 15816 | D:11     | Noticed Sonja
 15828 | D:11     | Killed Sonja
 16761 | D:12     | Found a staircase to the Orcish Mines.
 17012 | D:12     | Reached skill level 5 in Shields
 17691 | Orc:1    | Entered Level 1 of the Orcish Mines
 18022 | Orc:2    | Entered Level 2 of the Orcish Mines
 18046 | Orc:2    | Found a roughly hewn altar of Beogh.
 18262 | Orc:2    | Gained mutation: You are frail. (-10% HP) [a neqoxec]
 18282 | Orc:1    | Learned a level 5 spell: Lee's Rapid Deconstruction
 18682 | Orc:2    | Found a staircase to the Elven Halls.
 19111 | Orc:1    | Reached skill level 1 in Transmutations
 19111 | Orc:1    | Reached skill level 10 in Earth Magic
 19573 | Orc:1    | Found Doczejik's Distillery.
 19667 | Orc:1    | Found Ekojukk's Distillery.
 19672 | Orc:1    | Found Zezyo's Antique Weapon Emporium.
 19723 | Orc:1    | Noticed an orc warlord
 19776 | Orc:1    | Killed an orc warlord
 19958 | Orc:1    | Bought a potion of heal wounds for 50 gold pieces
 19975 | Orc:1    | Bought a potion of lignification for 33 gold pieces
 19975 | Orc:1    | Bought a potion of lignification for 33 gold pieces
 19975 | Orc:1    | Bought a potion of heal wounds for 55 gold pieces
 20027 | Orc:1    | Found a roughly hewn altar of Beogh.
 20164 | Orc:1    | Found Juciamue's Jewellery Shop.
 20428 | Orc:2    | Reached XP level 14. HP: 131/134 MP: 15/15
 21058 | Orc:2    | Found Kazxavvof's Book Emporium.
 21064 | Orc:2    | Found Xiwn's Magic Scroll Boutique.
 21070 | Orc:2    | Found Zaynor's Gadget Boutique.
 21072 | Orc:2    | Found Ferevvedgh's Distillery.
 21103 | Orc:2    | Bought a book of Frost for 490 gold pieces
 21107 | Orc:2    | Learned a level 3 spell: Ozocubu's Armour
 21426 | Orc:1    | Bought a +4 ring of protection for 432 gold pieces
 21994 | D:13     | Found a gate to the Vaults.
 24087 | Lair:6   | Killed Fannar
 24553 | Lair:6   | Learned a level 6 spell: Statue Form
 25774 | Lair:6   | Killed Snorg
 25937 | Lair:6   | Reached XP level 15. HP: 136/142 MP: 19/19
 26498 | Lair:5   | Reached skill level 5 in Transmutations
 27538 | D:14     | Found a runed door.
 27549 | D:14     | Found a runed door.
 27560 | D:14     | Found a runed door.
 27803 | D:14     | Found a runed door.
 28092 | D:15     | Entered Level 15 of the Dungeon
 28271 | D:14     | Gained mutation: You expend magic power (3 MP) to strengthen your wands. [miscasting Statue Form]
 28271 | D:14     | Gained mutation: You occasionally shout uncontrollably at your foes. [miscasting Statue Form]
 28600 | D:8      | Killed Gastronok
 28785 | Shoals:1 | Entered Level 1 of the Shoals
 29041 | Snake:1  | Entered Level 1 of the Snake Pit
 30113 | D:15     | Noticed a fire giant
 30480 | D:15     | Killed a fire giant
 30811 | D:15     | Found a staircase to the Depths.
 30968 | D:15     | Got a shimmering jade ring
 30969 | D:15     | Identified the ring of Moderation {+Fly rElec rF- Int+5 SInv} (You took it off a boggart on level 15 of the Dungeon)
 30995 | D:15     | Reached XP level 16. HP: 150/150 MP: 20/20
 30996 | D:15     | Reached skill level 5 in Spellcasting
 30996 | D:15     | Reached XP level 17. HP: 157/157 MP: 20/23
 31007 | D:15     | Found Sisatip's Assorted Antiques.
 31082 | D:15     | Got a crude pewter ring
 31085 | D:15     | Identified the ring "Cepsa" {+Fly Int+5} (You found it on level 15 of the Dungeon)
 31102 | D:15     | Noticed Azrael
 31117 | D:15     | Killed Azrael
 31150 | D:15     | Paralysed by a giant eyeball for 3 turns
 31156 | D:15     | Paralysed by a giant eyeball for 4 turns
 31174 | D:15     | Reached XP level 18. HP: 165/165 MP: 22/24
 31399 | D:15     | Found Dankeipp's General Store.
 31436 | D:15     | Got a scintillating pewter ring
 31437 | D:15     | Identified the ring "Doalaen" {SustAt rF+ rC+ MR- Str+9 Int-4} (You found it on level 15 of the Dungeon)
 31486 | D:15     | Paralysed by a wizard for 4 turns
 31758 | D:15     | Gained mutation: You are dopey. (Int -2) [mutagenic meat]
 31761 | D:15     | Gained mutation: You are very frail. (-20% HP) [mutagenic meat]
 31764 | D:15     | Gained mutation: You are extremely frail. (-30% HP) [mutagenic meat]
 31767 | D:15     | Gained mutation: Your magical capacity is low. (-10% MP) [mutagenic meat]
 31906 | D:15     | Reached skill level 10 in Transmutations
 31949 | D:15     | Found Duocop's General Store.
 31980 | D:15     | Lost mutation: You expend magic power (3 MP) to strengthen your wands. [potion of cure mutation]
 31980 | D:15     | Lost mutation: Your magical capacity is low. (-10% MP) [potion of cure mutation]
 31980 | D:15     | Lost mutation: You are dopey. (Int -2) [potion of cure mutation]
 31980 | D:15     | Lost mutation: You are extremely frail. (-30% HP) [potion of cure mutation]
 31980 | D:15     | Lost mutation: You are very frail. (-20% HP) [potion of cure mutation]
 31980 | D:15     | Lost mutation: You are frail. (-10% HP) [potion of cure mutation]
 33151 | Snake:1  | Got a wavering amber ring
 33153 | Snake:1  | Identified the ring of Deij {+Fly MR+ Str+4} (You found it on level 1 of the Snake Pit)
 35128 | Shoals:2 | Got a pitted animal skin
 35196 | Shoals:2 | Identified the cursed +1 animal skin of the Illusory Spirits {+Blink} (You found it on level 2 of the Shoals)
 35278 | Shoals:2 | Found Beusomat's Island Escapes.
 35345 | Shoals:2 | Noticed Polyphemus
 35354 | Shoals:2 | Killed Polyphemus
 35604 | Shoals:2 | Bought a potion of haste for 200 gold pieces
 35604 | Shoals:2 | Bought a scroll of teleportation for 60 gold pieces
 35604 | Shoals:2 | Bought a scroll of blinking for 150 gold pieces
 35882 | Shoals:3 | Found Erisad's General Store.
 36428 | Shoals:3 | Bought a potion of curing for 54 gold pieces
 36428 | Shoals:3 | Bought a scroll of blinking for 135 gold pieces
 36447 | Shoals:4 | Entered Level 4 of the Shoals
 36518 | Shoals:4 | Noticed Ilsuiw
 36684 | Shoals:4 | Killed Ilsuiw
 36777 | Shoals:4 | Reached XP level 19. HP: 192/192 MP: 27/27
 36878 | Shoals:4 | Got a heavily runed copper ring
 36880 | Shoals:4 | Identified the cursed ring of Hanathit {rPois Str-2 Dex+2 Stlth-} (You found it on level 4 of the Shoals)
 37497 | Shoals:4 | Reached skill level 15 in Earth Magic
 38045 | Shoals:4 | Got a barnacled rune of Zot
 38694 | Slime:1  | Entered Level 1 of the Pits of Slime
 38699 | Slime:1  | Gained mutation: Your system is resistant to poisons. (rPois) [a shining eye]
 38699 | Slime:1  | Gained mutation: You are occasionally teleported next to monsters. [a shining eye]
 38700 | Slime:1  | Gained mutation: You are weak. (Str -2) [a shining eye]
 38730 | Lair:5   | Gained mutation: Your flesh is heat resistant. (rF+) [potion of mutation]
 38730 | Lair:5   | Gained mutation: Your mind is acute. (Int +2) [potion of mutation]
 38731 | Lair:5   | Gained mutation: You are frail. (-10% HP) [potion of mutation]
 38731 | Lair:5   | Gained mutation: Scrolls take you a little longer to read. [potion of mutation]
 38871 | Slime:3  | Lost mutation: You are frail. (-10% HP) [a shining eye]
 38874 | Slime:3  | Gained mutation: You sometimes yell uncontrollably at your foes. [a shining eye]
 38877 | Slime:2  | Gained mutation: You are frail. (-10% HP) [a shining eye]
 39377 | Slime:5  | Entered Level 5 of the Pits of Slime
 39380 | Slime:5  | Reached skill level 15 in Unarmed Combat
 39395 | Slime:4  | Gained mutation: Armour fits poorly on your strangely shaped body. [a shining eye]
 39806 | Slime:5  | Found a viscous altar of Jiyva.
 39808 | Slime:5  | Noticed the Royal Jelly
 39812 | Slime:5  | Became a worshipper of Jiyva Juseav the Shapeless
 40168 | Snake:2  | Noticed Nikola
 40426 | Vaults:1 | Entered Level 1 of the Vaults
 40443 | Vaults:1 | Reached XP level 20. HP: 165/181 MP: 26/29
 40665 | Vaults:1 | Reached * piety under Jiyva
 40715 | Vaults:1 | Reached ** piety under Jiyva
 40750 | Vaults:1 | Reached *** piety under Jiyva
 40751 | Vaults:1 | Gained mutation: You are covered in slimy tendrils that may disarm your opponents. [Jiyva's grace]
 40769 | Vaults:1 | Reached **** piety under Jiyva
 40769 | Vaults:1 | Lost mutation: You are frail. (-10% HP) [Jiyva's grace]
 40839 | Vaults:1 | Noticed Donald
 40846 | Vaults:1 | Killed Donald
 40933 | Vaults:1 | Found Neinyso's General Store.
 40944 | Vaults:1 | Bought a potion of agility for 52 gold pieces
 40944 | Vaults:1 | Bought a scroll of teleportation for 39 gold pieces
 40944 | Vaults:1 | Bought a scroll of identify for 26 gold pieces
 40949 | Vaults:1 | Gained mutation: You are partially covered in yellow scales. (AC +2) [Jiyva's grace]
 40953 | Vaults:1 | Reached ***** piety under Jiyva
 40992 | Vaults:1 | Lost mutation: You are occasionally teleported next to monsters. [Jiyva's power]
 41004 | Vaults:1 | Lost mutation: Your mind is acute. (Int +2) [Jiyva's grace]
 41079 | Vaults:1 | Reached skill level 1 in Evocations
 41210 | Vaults:1 | Lost mutation: Your flesh is heat resistant. (rF+) [Jiyva's grace]
 41270 | Vaults:1 | Gained mutation: Your body has grown golden eyes which may confuse attackers. (Acc +3) [Jiyva's grace]
 41270 | Vaults:1 | HP: 7/262 [deep troll shaman[an ironheart preserver] (16)]
 41271 | Vaults:1 | HP: 3/262 [deep troll[an ironheart preserver] (5)]
 41272 | Vaults:1 | Slain by a deep troll shaman

Vault maps used:
D:1:      ldierk_walled_garden, minmay_misc_feat_alley
D:2:      okawaru_gym_becter, lemuel_round_altar, minmay_tetromino_i2
D:3:      kiku_gazebo_pond_becter, ecumenical_altar_1, first_bread
D:4:      minmay_goblin_kobold_castle, bloody_makhleb,
          nicolae_overflow_crystal_walls, kennysheep_mini
D:5:      kennysheep_mini_moat, nicolae_ru_sacrificial_ziggurat, zin_academy,
          marbit_many_paths
D:6:      lemuel_doored_altar, kennysheep_little_box,
          nicolae_qazlal_eye_of_the_storm, solitary_fountain, lightli_minifort
D:7:      grunt_livestock
D:8:      lair_0_dummy, special_room, uniq_gastronok
D:10:     uniq_harold, uniq_maurice
D:11:     uniq_grum, uniq_sonja, uniq_urug
D:12:     erik_orc_1
D:13:     david_vaults_5, kennysheep_generic_room_9
D:14:     grunt_decor_fettered, minmay_statue_crystal_thing
D:15:     hangedman_spin_cycle
Temple:   nicolae_temple_figure_zero
Lair:1:   lemuel_slime, patterned_corridor, uniq_prince_ribbit2
Lair:2:   minmay_shoals_entry_beasts, dummy_snake_entry, guppyfry_lair_drakes
Lair:3:   minmay_lair_oklob_tunnel, uniq_fannar
Lair:4:   lab_entry_generic, minivault_25
Lair:5:   minmay_slime_entry_pillars, enter_volcano_1,
          infiniplex_staircase_pool_2
Lair:6:   minmay_lair_end_enchanted_forest, grunt_megastairs_1,
          infiniplex_staircase_pool, uniq_snorg
Shoals:2: argonaut_golden_fleece, nicolae_island_escapes, uniq_polyphemus
Shoals:3: serial_shops, nicolae_shop_crystal
Shoals:4: shoals_end_simple, shoal_ilsuiw
Snake:2:  uniq_nikola
Slime:4:  nicolae_slime_jelly_donut
Orc:1:    basic_altar, serial_shops, shop, shop, shop, nicolae_shop_waterfront
Orc:2:    st_orc_elflike, mines1_david
Vaults:1: nicolae_vaults_minivaults, nicolae_vaults_diagonal_hallway_7,
          v_misc_15, ontoclasm_vaults_loading_screen, v_rooms_4,
          ontoclasm_vaults_hangar, v_alt_pattern_4, hangedman_vaults_snaps,
          v_pattern_4, vaults_room_semicircle, nicolae_vaults_what_the_h,
          nicolae_vaults_yaktaur_gun_rack, nicolae_vaults_rhombus_5,
          serial_shops, nicolae_shop_trees, shop, shop_fountains, uniq_donald
Lab:      nicolae_lab_dead_adventurers
Volcano:  volcano_grotto

Skill      XL: |  1  2  3  4  5  6  7  8  9 10 11 12 13 14 15 16 17 18 19 20 |
---------------+-------------------------------------------------------------+-----
Unarmed Combat | 1 2 3 4 6 8 10 11 12 13 14 15 | 15.2
Fighting       | 1 2 3 4 5 6 8 9 10 11 12 13 | 13.1
Earth Magic    | 5 7 9 10 11 13 14 15 | 15.4
Shields        | 4 6 8 9 |  9.9
Transmutations | 2 4 8 9 11 | 11.8
Spellcasting   | 3 5 6 7 |  7.4
Dodging        | 4 |  4.6
Evocations     | 1 |  1.5
Stealth        | |  1.1

Action                   |  1- 3 |  4- 6 |  7- 9 | 10-12 | 13-15 | 16-18 | 19-21 || total
-------------------------+-------+-------+-------+-------+-------+-------+-------++-------
Melee: Unarmed           |    95 |   272 |   490 |   804 |  1922 |   595 |   689 ||  4867
       Punch             |       |     7 |     9 |    21 |     1 |       |       ||    38
       Staff             |       |       |       |       |    16 |     1 |       ||    17
Throw: Javelin           |       |       |       |     3 |       |       |       ||     3
       Throwing net      |       |       |       |       |     2 |       |       ||     2
       Large rock        |       |       |       |       |       |     9 |       ||     9
 Cast: Repel Missiles    |       |       |       |       |     3 |     3 |     8 ||    14
       Statue Form       |       |       |       |       |    13 |    46 |    40 ||    99
Invok: Request Jelly     |       |       |       |       |       |       |     2 ||     2
       Slimify           |       |       |       |       |       |       |     1 ||     1
       Cure Bad Mutation |       |       |       |       |       |       |     1 ||     1
 Abil: Evoke Flight      |       |       |       |       |       |     3 |       ||     3
Evoke: Wand              |       |       |       |       |     2 |       |     5 ||     7
  Use: Scroll            |       |       |    18 |    11 |     9 |     6 |     8 ||    52
       Potion            |       |       |       |     3 |     7 |     2 |     6 ||    18
 Stab: Confused          |       |       |       |       |     1 |       |       ||     1
       Held in net/web   |       |       |       |       |     3 |       |       ||     3
       Distracted        |       |       |       |       |       |     2 |       ||     2
       Petrified         |       |       |       |       |       |     2 |       ||     2
  Eat: Chunk             |    12 |    19 |    48 |    70 |   157 |    77 |    45 ||   428
       Bread ration      |     1 |       |       |       |       |       |       ||     1
       Fruit             |       |       |       |     5 |       |     4 |     8 ||    17
       Meat ration       |       |       |       |     1 |       |     1 |     1 ||     3
       Pizza             |       |       |       |       |       |     3 |     1 ||     4
Armor: Robe              |    24 |       |       |       |    23 |    57 |    18 ||   122
       Quicksilver drago |     4 |   212 |   281 |   380 |   779 |       |       ||  1656
       Skin              |       |       |       |     2 |   182 |   501 |   720 ||  1405
Dodge: Dodged            |    45 |   123 |   202 |   273 |   540 |   246 |   468 ||  1897
       Deflected         |       |       |       |       |     2 |     9 |    14 ||    25
Block: Shield            |       |       |       |   111 |  1105 |   501 |   791 ||  2508
